 Dungeon Crawl Stone Soup version 0.16-a0-2611-g6d04fdd (webtiles) character file.

53708 Leibowitz the Spry (level 14, -1/120 HPs)
             Began as a Merfolk Gladiator on Nov 16, 2014.
             Was a High Priest of Okawaru.
             Killed by divine providence
             ... invoked by an orc high priest
              (16 damage)
             ... on level 4 of the Orcish Mines on Nov 22, 2014.
             The game lasted 02:08:05 (26207 turns).

Leibowitz the Spry (Merfolk Gladiator)             Turns: 26207, Time: 02:08:05

Health: -1/120     AC: 22    Str: 17    XL:     14   Next: 69%
Magic:  15/15      EV: 26    Int:  2    God:    Okawaru [*****.]
Gold:   2285       SH: 21    Dex: 18    Spells: 0 memorised, 13 levels left

rFire  . . .     SeeInvis +     a - +2 trident (venom)
rCold  . . .     Clarity  .     w - +3 scale mail {rPois}
rNeg   + . .     SustAb   .     Y - +6 large shield of Ignorance {rN+ AC+2 EV+2 Int-6 Curse} (curse)
rPois  +         Gourm    .     p - +1 helmet {SInv}
rElec  .         Spirit   .     c - +2 cloak of the Known World {Slay+2}
rCorr  +         Warding  .     C - +0 pair of gloves
rMut   .         Stasis   .     T - +1 pair of boots {Fly}
MR     +....                    E - amulet of resist corrosion
Stlth  ++........               M - ring of Contention {EV+3 Str+1}
                                H - +3 ring of evasion

@: flying, very slightly contaminated, invisible, somewhat resistant to hostile
enchantments, unstealthy
A: change form in water, swift swim, claws 1, low mp 1, poison resistance, wild
magic 3, evolution 1
a: Heroism, Finesse, Renounce Religion, Stop Flying


You were on level 4 of the Orcish Mines.
You worshipped Okawaru.
Okawaru was extremely pleased with you.
You were very hungry.

You visited 5 branches of the dungeon, and saw 23 of its levels.
You also visited: Sewer.

You collected 2489 gold pieces.
You spent 204 gold pieces at shops.

Inventory:

Hand weapons
 a - a +2 trident of venom (weapon)
Missiles
 d - 6 throwing nets
 D - 5 javelins of penetration
 U - 6 javelins (quivered)
 X - 9 poisoned javelins
Armour
 c - the +2 cloak of the Known World (worn) {Slay+2}
   (Okawaru gifted it to you on level 4 of the Orcish Mines)

   It affects your accuracy and damage with ranged weapons and melee attacks
   (+2).
 j - a +2 cloak of invisibility
 p - a +1 helmet of see invisible (worn)
 w - a +3 scale mail of poison resistance (worn)
 C - a +0 pair of gloves (worn)
 T - a +1 pair of boots of flying (worn)
 Y - the cursed +6 large shield of Ignorance (worn) {rN+ AC+2 EV+2 Int-6 Curse}
   (You found it on level 8 of the Lair of Beasts)

   It affects your AC (+2).
   It affects your evasion (+2).
   It affects your intelligence (-6).
   It protects you from negative energy.
   It may recurse itself when equipped.
   It has a curse placed upon it.
Jewellery
 E - an amulet of resist corrosion (around neck)
 H - a +3 ring of evasion (left hand)
 M - the ring of Contention (right hand) {EV+3 Str+1}
   (You found it on level 1 of the Lair of Beasts)

   [ring of evasion]

   It affects your evasion (+3).
   It affects your strength (+1).
Magical devices
 b - a wand of disintegration (7)
 k - a wand of paralysis (11)
 l - a wand of paralysis (15)
 o - a wand of digging (15)
 t - a wand of polymorph (15)
 J - a wand of frost (31)
 N - a wand of draining (5)
 W - a wand of cold (4)
Scrolls
 e - 11 scrolls of remove curse
 m - 3 scrolls of identify
 s - a scroll of fog
 u - 2 scrolls of amnesia
 v - 5 scrolls of recharging
 B - a scroll of magic mapping
 S - a scroll of enchant weapon
Potions
 i - 4 potions of curing
 q - a potion of cancellation
 r - a potion of might
 y - 5 potions of brilliance
 z - 3 potions of haste
 A - 2 potions of invisibility
 F - 5 potions of restore abilities
 G - 2 potions of magic
 I - a potion of berserk rage
 O - 2 potions of resistance
Comestibles
 f - 13 bread rations
 g - 28 fruits
 h - 13 meat rations
 Q - 24 royal jellies
 V - 4 beef jerkies


   Skills:
 + Level 14.0 Fighting
 - Level 12.0 Polearms
 + Level 5.0 Throwing
 + Level 7.9 Armour
 + Level 18.3 Dodging
 + Level 5.7 Stealth
 * Level 6.2 Shields
 + Level 1.8 Invocations
 + Level 0.7 Evocations


You had 13 spell levels left.
You didn't know any spells.

Dungeon Overview and Level Annotations

Branches:
Dungeon (9/15)             Temple (1/1) D:4            Lair (8/8) D:8
 Shoals (1/5) Lair:3        Snake (0/5) Lair:4        Slime (0/6) Lair:8
    Orc (4/4) D:9             Elf (0/3) Orc:3

Altars:
Ashenzari
Cheibriados
Dithmenos
Elyvilon
Fedhas
Gozag
Kikubaaqudgha
Makhleb
Nemelex Xobeh
Okawaru
Qazlal
Ru
Sif Muna
Trog
Vehumet
Xom
Yredelemnul
The Shining One
Beogh
Jiyva

Shops:
Orc:3 [   Orc:4 ?

Annotations:
D:4 614's ghost, average HODK


Innate Abilities, Weirdness & Mutations

You revert to your normal form in water.
You are very nimble and swift while swimming.
You have sharp fingernails.
Your magical capacity is low (-10% MP).
Your system is resistant to poisons.
Your spells are much harder to cast, but much more powerful.
You evolve.


Message History

You hit the rust devil but do no damage.
The rust devil is lightly wounded.
The orc knight seems to regain its courage.
The orc high priest utters an invocation to Beogh.
You block the rust devil's attack.
You hit the rust devil but do no damage.
The rust devil is lightly wounded.
Evoke which item? (* to show all) (? for menu, Esc to quit)
Zapping:
o - a wand of digging {zapped: 2} (will waste charges)
Press: ? - help, Shift-Dir - straight line The rock shatters into small pieces.
Evoking this partially-identified wand wasted a few charges.
The sixfirhy disappears in a puff of smoke!
The orc high priest looks excited.
An orc knight comes into view. It is wielding a battleaxe.
Your shield and scale mail prevent you from hitting the rust devil.
The rust devil is lightly wounded.
The orc high priest invokes the aid of Beogh against you.
Something smites you!
You die...

### ####.##### ###.
#......4.@# o....
##.....###o#.o.....
#........oooooo..oo
##.#.#...ooo..§o...
##.###...o4o..oooo.
#....#.o##....o....
##......##...o....o
##........##.#.....
#....##....#.#....


You could see an orc warlord, 2 orc knights, an orc high priest, an orange demon
(wandering), a rust devil, 4 orc warriors, an orc wizard (frenzied) and 4 orcs.

Vanquished Creatures
  2 orc warlords
  Snorg (Orc:3)
  4 hydras
  A deep troll shaman (Lair:8)
  5 death yaks (Lair:8)
  Nergalle (Lair:2)
  A catoblepas (Lair:8)
  A fire crab (Lair:7)
  A lindwurm (Lair:8)
  2 orc knights
  3 orc sorcerers
  A griffon (Lair:7)
  A sixfirhy (Orc:2)
  A wolf spider (Lair:6)
  3 black mambas
  15 elephants
  Maurice (Orc:1)
  A queen ant (Lair:3)
  A torpor snail (Lair:7)
  8 spiny frogs
  2 fire drakes
  8 komodo dragons
  A queen bee (Lair:6)
  A polar bear (Lair:8)
  12 blink frogs
  A two-headed ogre (D:9)
  2 basilisks
  2 water elementals (Shoals:1)
  6 hippogriffs
  40 yaks
  2 hungry ghosts
  7 soldier ants
  12 wolves
  A warg (Orc:2)
  5 water moccasins
  2 ice beasts
  9 porcupines
  24 orc warriors
  2 phantoms
  A spider (D:9)
  A sky beast (D:9)
  3 black bears
  A centaur (D:5)
  16 crocodiles
  7 ogres
  5 boring beetles
  Sigmund (D:7)
  A brain worm (D:9)
  21 giant frogs
  2 big kobolds
  A wyvern skeleton (D:6)
  3 scorpions (D:7)
  A water moccasin skeleton (D:6)
  5 wights (D:7)
  25 killer bees (Lair:6)
  3 electric eels (Lair:1)
  3 jellies
  A giant frog zombie (D:5)
  10 hounds
  A centaur zombie (D:6)
  3 crimson imps
  2 goliath beetles
  16 orc priests
  A quasit (D:5)
  4 giant frog skeletons
  A centaur skeleton (D:5)
  Crazy Yiuf (D:3)
  11 iguanas
  A gnoll shaman (D:4)
  25 orc wizards
  16 worker ants (Lair:3)
  A killer bee zombie (D:8)
  24 sheep
  Ijyb (D:3)
  A hound zombie (D:9)
  2 worker ant zombies
  23 river rats
  18 gnolls
  9 giant mites
  A shadow imp (D:7)
  26 adders
  4 worms
  15 giant geckos
  14 oozes
  154 orcs
  14 bats
  7 giant cockroaches (Sewer)
  18 hobgoblins
  7 jackals
  27 kobolds
  6 quokkas
  7 ball pythons
  17 giant newts
  A giant spore (D:7)
  19 goblins
  A hobgoblin zombie (Orc:2)
  4 orc zombies (Orc:2)
  16 rats
  5 ballistomycetes (D:7)
  A fungus (Lair:7)
  A plant (Lair:7)
830 creatures vanquished.

Vanquished Creatures (others)
  An orc sorcerer (Orc:4)
  An orc wizard (Orc:3)
  4 butterflies (D:5)
  5 fungi
  A plant (Lair:8)
12 creatures vanquished.

Grand Total: 842 creatures vanquished

Notes
Turn   | Place    | Note
--------------------------------------------------------------
     0 | D:1      | Leibowitz, the Merfolk Gladiator, began the quest for the Orb.
     0 | D:1      | Reached XP level 1. HP: 16/16 MP: 1/1
    92 | D:1      | Reached XP level 2. HP: 18/23 MP: 2/2
   533 | D:1      | Reached XP level 3. HP: 20/28 MP: 3/3
   808 | D:2      | Found a shattered altar of Ashenzari.
  1022 | D:2      | Reached skill level 5 in Dodging
  1245 | D:2      | Reached XP level 4. HP: 21/34 MP: 4/4
  1784 | D:3      | Found a glowing drain.
  1791 | Sewer    | Entered a sewer
  2049 | Sewer    | Reached XP level 5. HP: 36/41 MP: 5/5
  2051 | Sewer    | Reached skill level 5 in Polearms
  2207 | Sewer    | Reached skill level 6 in Dodging
  2495 | Sewer    | Reached XP level 6. HP: 36/48 MP: 6/6
  2810 | Sewer    | Noticed a giant frog
  2811 | Sewer    | Noticed a giant frog
  2825 | Sewer    | Killed a giant frog
  2825 | Sewer    | Reached skill level 1 in Armour
  2827 | Sewer    | Reached skill level 1 in Stealth
  2843 | Sewer    | Reached skill level 7 in Dodging
  3007 | Sewer    | Killed a giant frog
  3288 | D:3      | Noticed Ijyb
  3319 | D:3      | Killed Ijyb
  3319 | D:3      | Reached XP level 7. HP: 50/55 MP: 7/7
  3382 | D:3      | Noticed Crazy Yiuf
  3388 | D:3      | Killed Crazy Yiuf
  3769 | D:4      | Reached skill level 5 in Fighting
  3815 | D:4      | Reached skill level 8 in Dodging
  3876 | D:4      | Noticed 614's ghost (average HODK)
  3893 | D:4      | Found a staircase to the Ecumenical Temple.
  3908 | Temple   | Entered the Ecumenical Temple
  3980 | Temple   | Became a worshipper of Warmaster Okawaru
  4193 | D:4      | Found a glowing golden altar of the Shining One.
  4504 | D:5      | Entered Level 5 of the Dungeon
  4580 | D:5      | Reached XP level 8. HP: 62/62 MP: 8/8
  4643 | D:5      | Found a basalt altar of Yredelemnul.
  4763 | D:5      | Found a blossoming altar of Fedhas.
  4902 | D:5      | Reached skill level 9 in Dodging
  4976 | D:5      | Acquired Okawaru's first power
  5445 | D:6      | Found a shimmering altar of Xom.
  5737 | D:6      | Reached XP level 9. HP: 71/71 MP: 9/9
  5761 | D:6      | Reached skill level 10 in Dodging
  6359 | D:7      | Noticed Sigmund
  6366 | D:7      | Killed Sigmund
  6623 | D:7      | Reached skill level 10 in Polearms
  6857 | D:7      | Found a white marble altar of Elyvilon.
  7215 | D:7      | Reached skill level 11 in Dodging
  7237 | D:8      | Found a shimmering altar of Xom.
  7302 | D:8      | Found a staircase to the Lair.
  7392 | D:8      | Reached XP level 10. HP: 55/80 MP: 10/10
  8145 | Lair:1   | Entered Level 1 of the Lair of Beasts
  8391 | Lair:1   | Upgraded the game from 0.16-a0-2278-gad6c6b8 to 0.16-a0-2611-g6d04fdd
  8583 | Lair:1   | Noticed a black mamba
  8607 | Lair:1   | Killed a black mamba
  9235 | Lair:1   | Reached skill level 12 in Dodging
 10287 | Lair:1   | Reached XP level 11. HP: 71/89 MP: 11/11
 10397 | Lair:1   | Got a pitted golden ring
 10399 | Lair:1   | Identified the ring of Contention {EV+3 Str+1} (You found it on level 1 of the Lair of Beasts)
 10888 | Lair:2   | Reached skill level 5 in Armour
 10930 | Lair:2   | Acquired Okawaru's second power
 11328 | Lair:2   | Noticed Nergalle
 11344 | Lair:2   | Killed Nergalle
 11344 | Lair:2   | Reached skill level 13 in Dodging
 11477 | Lair:2   | Received a gift from Okawaru
 11699 | Lair:2   | Reached skill level 10 in Fighting
 12620 | Lair:3   | Reached skill level 14 in Dodging
 12883 | Lair:3   | Found a staircase to the Shoals.
 12896 | Shoals:1 | Entered Level 1 of the Shoals
 12918 | Lair:3   | Identified the Compendium of Lethal Enhancements
 13052 | Lair:3   | Reached XP level 12. HP: 80/99 MP: 12/12
 13922 | Shoals:1 | Noticed a merfolk aquamancer
 14484 | Lair:4   | Noticed a five-headed hydra
 14501 | Lair:4   | Killed a five-headed hydra
 14562 | Lair:4   | Found a staircase to the Snake Pit.
 14632 | Lair:4   | Received a gift from Okawaru
 14789 | Lair:4   | Noticed a seven-headed hydra
 14801 | Lair:4   | Killed a seven-headed hydra
 15387 | Lair:5   | Reached skill level 15 in Dodging
 15950 | Lair:5   | Noticed a five-headed hydra
 15970 | Lair:5   | Killed a five-headed hydra
 15970 | Lair:5   | Received a gift from Okawaru
 17297 | Lair:6   | Reached XP level 13. HP: 98/108 MP: 13/13
 18020 | Lair:7   | Reached skill level 16 in Dodging
 18585 | Lair:7   | Received a gift from Okawaru
 19513 | Lair:8   | Entered Level 8 of the Lair of Beasts
 19913 | Lair:8   | Found a staircase to the Slime Pits.
 19914 | Lair:8   | Found a viscous altar of Jiyva.
 20060 | Lair:8   | Reached skill level 17 in Dodging
 20085 | Lair:8   | Gained mutation: Your spells are a little harder to cast, but a little more powerful. [potion of mutation]
 20085 | Lair:8   | Gained mutation: Your magical capacity is low (-10% MP). [potion of mutation]
 20085 | Lair:8   | Gained mutation: Your system is resistant to poisons. [potion of mutation]
 20086 | Lair:8   | Gained mutation: You evolve. [potion of beneficial mutation]
 20677 | Lair:8   | Reached skill level 5 in Stealth
 20926 | Lair:8   | Reached skill level 1 in Invocations
 20957 | Lair:8   | Received a gift from Okawaru
 21022 | Lair:8   | Reached skill level 5 in Throwing
 21060 | Lair:8   | Reached XP level 14. HP: 40/118 MP: 15/15
 21624 | Lair:8   | Received a gift from Okawaru
 21651 | Lair:8   | Reached skill level 1 in Shields
 21829 | Lair:6   | Gained mutation: You have sharp fingernails. [evolution]
 22153 | D:9      | Found a staircase to the Orcish Mines.
 22571 | D:9      | Found a stormy altar of Qazlal.
 22645 | D:9      | Received a gift from Okawaru
 22850 | Orc:1    | Entered Level 1 of the Orcish Mines
 22850 | Orc:1    | Noticed Maurice
 22871 | Orc:1    | Killed Maurice
 23466 | Orc:1    | Found a roughly hewn altar of Beogh.
 23619 | Orc:1    | Reached skill level 18 in Dodging
 23994 | Orc:3    | Noticed an orc warlord
 24024 | Orc:3    | Killed an orc warlord
 24416 | Orc:3    | Reached skill level 5 in Shields
 24678 | Orc:3    | Found Matux's Antique Armour Shop.
 24682 | Orc:3    | Bought a shiny helmet for 108 gold pieces
 24683 | Orc:3    | Gained mutation: Your spells are harder to cast, but more powerful. [evolution]
 24704 | Orc:3    | Noticed Snorg
 24722 | Orc:3    | Killed Snorg
 25004 | Orc:2    | Noticed an orc warlord
 25192 | Orc:2    | Killed an orc warlord
 25736 | Orc:3    | Found a staircase to the Elven Halls.
 25779 | Orc:4    | Entered Level 4 of the Orcish Mines
 25779 | Orc:4    | Found Bodoi's Magic Scroll Shoppe.
 25803 | Orc:4    | Bought a scroll of identify for 24 gold pieces
 25803 | Orc:4    | Bought a scroll of identify for 24 gold pieces
 25803 | Orc:4    | Bought a scroll of identify for 24 gold pieces
 25803 | Orc:4    | Bought a scroll of identify for 24 gold pieces
 25805 | Orc:4    | Gained mutation: Your spells are much harder to cast, but much more powerful. [potion of beneficial mutation]
 26132 | Orc:4    | Received a gift from Okawaru
 26133 | Orc:4    | Got a shimmering cloak {god gift}
 26136 | Orc:4    | Noticed an orc warlord
 26144 | Orc:4    | Identified the +2 cloak of the Known World {Slay+2} (Okawaru gifted it to you on level 4 of the Orcish Mines)
 26144 | Orc:4    | Paralysed by an orc sorcerer for 3 turns
 26159 | Orc:4    | Paralysed by an orc sorcerer for 6 turns
 26207 | Orc:4    | Killed from afar by an orc high priest

Action                   |  1- 3 |  4- 6 |  7- 9 | 10-12 | 13-15 || total
-------------------------+-------+-------+-------+-------+-------++-------
Melee: Trident           |   160 |   282 |   593 |  1117 |  1808 ||  3960
Throw: Javelin           |       |       |     3 |    73 |     1 ||    77
       Throwing net      |       |       |     1 |     1 |       ||     2
       Tomahawk          |       |       |       |     9 |     2 ||    11
Invok: Heroism           |       |       |       |     3 |    11 ||    14
 Abil: Evoke Invisibilit |       |       |       |     5 |     2 ||     7
Evoke: Wand              |       |       |       |       |     4 ||     4
  Use: Scroll            |       |       |    15 |    11 |     7 ||    33
       Potion            |       |       |       |     1 |    17 ||    18
 Stab: Sleeping          |       |     7 |       |     3 |    12 ||    22
       Invisible         |       |       |       |    14 |    22 ||    36
       Distracted        |       |       |       |       |     2 ||     2
       Petrified         |       |       |       |       |     1 ||     1
  Eat: Chunk             |     1 |     7 |    14 |    28 |    32 ||    82
       Beef jerky        |       |       |       |     5 |       ||     5
